 Dungeon Crawl Stone Soup version 0.28.0-53-g5a82cb258f (webtiles) character file.

Game seed: 1768975133128755929

91671 Boltersam the Fighter (level 13, -7/127 (135) HPs)
             Began as a Troll Earth Elementalist on July 21, 2022.
             Was the Champion of Ru.
             Mangled by an entropy weaver (10 damage)
             ... on level 3 of the Spider Nest.
             The game lasted 01:59:49 (21411 turns).

Boltersam the Fighter (Troll Earth Elementalist)   Turns: 21411, Time: 01:59:51

HP:   -7/127 (135)  AC:  3    Str: 21    XL:     13   Next: 55%
MP:   17/21         EV: 15    Int: 13    God:    Ru [******]
Gold: 3014          SH: 13    Dex: 10    Spells: 15/24 levels left

rFire   . . .      SeeInvis .   a - +11 war axe of Indomitability {spect, +Blink rC+ rN+ Will-}
rCold   + . .      Faith    .   Y - +2 kite shield
rNeg    + . .      Spirit   .   N - +2 troll leather armour
rPois   +          Reflect  +   H - +2 hat
rElec   .          Harm     +   e - scarf {harm}
rCorr   .          Rampage  .   (gloves unavailable)
Will    .....      Clarity  +   (boots unavailable)
Stlth   ..........              w - amulet of reflection
HPRegen 1.91/turn               Z - ring of poison resistance
MPRegen 0.17/turn               n - +4 ring of evasion

@: exhausted, corroded, studying 2 skills, drained
A: large, unfitting armour, claws 3, regeneration 1, shaggy fur 1, tough skin 1,
no stealth, inability to use devices, weak-willed 1, disrupted magic 1,
inexperienced 1, clarity
a: Renounce Religion, Draw Out Power, Power Leap, Apocalypse


You were on level 3 of the Spider Nest.
You worshipped Ru.
Ru was exalted by your worship.
You visited 4 branches of the dungeon, and saw 24 of its levels.
You visited the Abyss 1 time.
You also visited: Bailey, Ice Cave and Volcano.

You collected 3493 gold pieces.
You spent 479 gold pieces at shops.

Inventory:

Hand Weapons
 a - the +11 war axe of Indomitability (weapon) {spect, +Blink rC+ rN+ Will-}
   (You found it on level 8 of the Dungeon)

   When its wielder attacks, the weapon's spirit leaps out and strikes again.
   The spirit shares a part of any damage it takes with its wielder.
   rC:        It protects you from cold.
   rN:        It protects you from negative energy.
   +Blink:    It lets you blink.
   Will:      It decreases your willpower.
 b - a +2 hand axe of flaming
 o - a +1 fustibalus of flaming
 V - a +1 demon trident of pain
Missiles
 c - 553 stones
 u - 49 poisoned darts
 z - 12 atropa-tipped darts
Armour
 e - a scarf of harm (worn)
 A - a +2 cloak
 H - a +2 hat (worn)
 N - a +2 troll leather armour (worn)
 W - a scarf of resistance
 Y - a +2 kite shield (worn)
Jewellery
 f - a +4 ring of evasion
 g - an amulet of magic regeneration
 h - a ring of willpower
 k - the ring "Gexour Udeu" {SInv Stlth+}
   (You found it on level 2 of the Dungeon)

   [ring of see invisible]

   SInv:      It lets you see invisible.
   Stlth:     It makes you more stealthy.
 n - a +4 ring of evasion (right claw)
 r - a ring of protection from cold
 s - a ring of protection from cold
 w - an amulet of reflection (around neck)
 y - a ring of protection from fire
 D - a +4 ring of evasion
 I - a ring of positive energy
 J - a ring of resist corrosion
 M - a ring of willpower {Fucking Wizards}
 O - a ring of willpower {Fucking Wizards}
 Z - a ring of poison resistance (left claw)
Scrolls
 p - 5 scrolls of amnesia
 x - a scroll of holy word
 C - 15 scrolls of identify
 F - a scroll of fear
 P - a scroll of magic mapping
 S - a scroll of enchant weapon
 T - 3 scrolls of teleportation
Potions
 d - 4 potions of attraction
 i - a potion of resistance
 j - a potion of heal wounds
 m - 4 potions of might
 t - a potion of degeneration
 v - 2 potions of magic
 G - 4 potions of brilliance
 K - 2 potions of cancellation
 Q - 3 potions of haste
 R - a potion of flight
 U - a potion of berserk rage


   Skills:
 * Level 10.5 Fighting
 - Level 2.5 Long Blades
 * Level 10.0 Axes
 + Level 2.4 Throwing
 + Level 6.6 Armour
 * Level 10.4 Dodging
   Level 0.0 Stealth
 - Level 0.5 Shields
 - Level 5.9 Unarmed Combat
 + Level 6.3 Spellcasting
 * Level 9.7 Transmutations
 - Level 4.8 Earth Magic


You had 15 spell levels left.
You knew the following spells:

 Your Spells              Type           Power      Damage    Failure   Level
a - Sandblast             Erth           32%        2d9       11%         1
b - Wereblood             Tmut           29%        N/A       2%          2
c - Passwall              Tmut/Erth      19%        N/A       6%          2
d - Petrify               Tmut/Erth      23%        N/A       32%         4

Your spell library contained the following spells:

 Spells                   Type           Power      Damage    Failure   Level
 Ignite Poison            Fire/Tmut/Pois 12%        N/A       45%         3
 Animate Skeleton         Necr           8%         N/A       52%         1
 Pain                     Necr           16%        1d4       52%         1
 Stone Arrow              Conj/Erth      20%        3d8       56%         3
 Sublimation of Blood     Necr           4%         N/A       67%         2
 Conjure Flame            Conj/Fire      4%         6-21      87%         3
 Mephitic Cloud           Conj/Pois/Air  4%         N/A       87%         3
 Vampiric Draining        Necr           4%         2d6       87%         3
 Airstrike                Air            2%         N/A       99%         4
 Animate Dead             Necr           2%         N/A       99%         4
 Olgreb's Toxic Radiance  Pois           4%         N/A       99%         4
 Sticky Flame             Conj/Fire      4%         2d3       99%         4
 Summon Lightning Spire   Summ/Air       4%         N/A       99%         4
 Statue Form              Tmut/Erth      15%        N/A       99%         6
 Fireball                 Conj/Fire      2%         3d4       100%        5
 Freezing Cloud           Conj/Ice/Air   2%         6-21      100%        5
 Iskenderun's Battlesphe  Conj           4%         2d6       100%        5
 Lightning Bolt           Conj/Air       2%         1d13      100%        5
 Metabolic Englaciation   Hex/Ice        2%         N/A       100%        5
 Conjure Ball Lightning   Conj/Air       2%         3x3d6     100%        6
 Dispersal                Tloc           2%         N/A       100%        6
 Haunt                    Necr/Summ      2%         N/A       100%        7
 Orb of Destruction       Conj           2%         9d5       100%        7
 Ozocubu's Refrigeration  Ice            2%         4d5       100%        7
 Summon Hydra             Summ           2%         N/A       100%        7
 Disjunction              Tloc           2%         N/A       100%        8
 Ignition                 Fire           2%         3d3       100%        8
 Infestation              Necr           2%         N/A       100%        8


Dungeon Overview and Level Annotations

Branches:
Dungeon (13/15)            Temple (0/1) D:6            Lair (6/6) D:9
 Shoals (0/4) Lair:3       Spider (3/4) Lair:4        Slime (0/5) Lair:6
    Orc (2/2) D:11            Elf (0/3) Orc:2        Bailey (visited)
  IceCv (visited)         Volcano (visited)
 Vaults: D:13-14

Altars:
Ashenzari
Cheibriados
Dithmenos
Fedhas
Hepliaklqana
Nemelex Xobeh
Okawaru
Qazlal
Ru
Sif Muna
Uskayaw
Wu Jian
Zin
Beogh
Jiyva

Shops:
D:4 (   D:6 *   Orc:2 [:[[**

Portals:
Trove: D:11 (give +3 shadow dragon scales)

Annotations:
D:12 Jorgrun
Lair:6 1 runed translucent door


Innate Abilities, Weirdness & Mutations

You are too large for most types of armour.
You have claws for hands.
Your natural rate of healing is unusually fast.
You are covered in fur. (AC +1)
You have tough skin. (AC +1)
You cannot be stealthy.
You cannot study or use magical devices.
You are slightly weak-willed. (Will-)
Your casting is slightly disrupted.
You are somewhat inexperienced. (-2 XL)
You possess an exceptional clarity of mind.


Message History

You hit the redback.
You feel extremely sick. You block the redback's attack.
The entropy weaver is stunned by your conviction and fails to attack.
You slash the entropy weaver!
The entropy weaver is almost dead.
You hit the redback. You barely miss the redback.
Your +11 war axe of Indomitability {spect, +Blink rC+ rN+ Will-} hits the redback!!
You kill the redback!
You feel extremely sick. You block the redback's attack.
You block the entropy weaver's attack.
The entropy weaver hits you! x2; The entropy weaver closely misses you.
You block the redback's attack.
You hit the entropy weaver.
The entropy weaver is almost dead.
You hit the redback.
You feel extremely sick.
The redback is stunned by your conviction and fails to attack.
The entropy weaver hits you!
* * * LOW HITPOINT WARNING * * *
The entropy weaver hits you!
* * * LOW HITPOINT WARNING * * *
You block the entropy weaver's attack. x2; The redback closely misses you.
You feel much better.
You feel very sick.
The entropy weaver casts a spell at you.
The entropic weave corrodes you!
The redback is stunned by your conviction and fails to attack.
The entropy weaver hits you!
* * * LOW HITPOINT WARNING * * *
You focus your inner power and blind the entropy weaver in retribution!
You block the entropy weaver's attack. x2; The entropy weaver hits you!
* * * LOW HITPOINT WARNING * * *
You feel better. You block the redback's attack. The entropy weaver misses you.
The entropy weaver hits you!
* * * LOW HITPOINT WARNING * * *
The entropy weaver hits you!
* * * LOW HITPOINT WARNING * * *
The entropy weaver hits you!
You die...

####. ....# .^.... .......#
#........#....#
....###.....# #.........##
... #.^#^#..#......##
...}.#.....#.#sw......####
#..... ....#^#Bs^^#......##
.......... #$†@###........#
###..##.#..##...###....###.#
#^...<..^.##.....#.......##
......##^#.....##.......^#
#...^#...##.##..###...##
#....^......###.#.....##
##......^....^..^.#÷...#
#..#^.......#....#....###
#^......##.##.#....#.....##


You could see an entropy weaver (blind), a steelbarb worm and 2 redbacks.

Vanquished Creatures
  Gastronok (Lair:3)
  An orc warlord (Orc:2)
  2 emperor scorpions (Spider:1)
  A ghost moth (Spider:1)
  Azrael (Spider:1)
  An entropy weaver (Spider:1)
  A spark wasp (Spider:1)
  2 boulder beetles
  3 jorogumos
  5 hydras
  The ghost of raph the Geomancer, a journeyman DEEE of Sif Muna (D:11)
  A catoblepas (Lair:6)
  A dancing weapon (Volcano)
  7 death yaks
  Urug (Lair:1)
  Nergalle (D:10)
  2 pharaoh ants
  2 steelbarb worms (Spider:1)
  4 orb spiders
  A lindwurm (Lair:6)
  6 wizards
  An orc knight (Orc:2)
  11 wolf spiders
  An orc sorcerer (Bailey)
  2 cyclopes (D:11)
  2 manticores
  A moth of wrath (Spider:2)
  3 torpor snails
  An ugly thing (D:13)
  5 toenail golems (Volcano)
  10 elephants (Lair:6)
  3 ice statues
  5 black mambas
  A smoke demon (Abyss:2)
  The ghost of zergursh the Skirmisher, a novice HuFi of Ashenzari (D:5)
  2 rime drakes
  3 kobold demonologists
  17 cane toads
  A hellion (Abyss:4)
  3 ice devils
  An ancient zyme (Abyss:3)
  9 komodo dragons
  3 trolls
  3 polar bears
  6 meliai (Spider:1)
  11 dream sheep
  22 blink frogs
  9 tarantellas
  2 tyrant leeches (Lair:6)
  A large abomination (Abyss:2)
  A wyvern (Lair:4)
  14 culicivoras
  2 vampires
  11 jumping spiders
  2 fire elementals (Spider:1)
  28 yaks
  4 basilisks
  A death yak simulacrum (IceCv)
  30 redbacks
  9 vampire mosquitoes
  A small abomination (Abyss:2)
  A harpy simulacrum (IceCv)
  An acid dragon (D:9)
  5 wargs
  5 water moccasins
  5 hell hounds
  48 orc warriors
  A black bear (Lair:1)
  A necrophage (D:6)
  A sky beast (D:7)
  4 ogres
  14 centaurs
  6 wolves (Lair:6)
  A phantom (D:6)
  5 kobold brigands
  20 bullfrogs
  5 gnoll sergeants
  A wyvern zombie (D:7)
  A two-headed ogre simulacrum (IceCv)
  A cane toad simulacrum (IceCv)
  A scorpion (D:4)
  A water moccasin zombie (D:5)
  3 elephant simulacra (IceCv)
  6 electric eels
  A howler monkey (D:5)
  A bullfrog zombie (D:6)
  5 starcursed masses (Abyss:2)
  7 centaur zombies
  A jelly (D:8)
  A gnoll shaman (D:5)
  10 orc priests
  A bullfrog skeleton (D:6)
  2 hounds (D:6)
  6 iguanas
  14 orc wizards
  3 spriggan simulacra
  5 troll simulacra
  2 polar bear simulacra (IceCv)
  6 adders
  22 gnolls
  A howler monkey skeleton (D:6)
  3 naga simulacra
  3 white imps
  6 ufetubi
  An adder skeleton (D:5)
  4 worms
  A dart slug (D:5)
  79 orcs
  7 ball pythons
  7 bats
  4 endoplasms
  5 giant cockroaches
  12 goblins
  11 hobgoblins
  3 quokkas
  6 frilled lizards
  23 kobolds
  4 rats
  A lurking horror (Abyss:2)
693 creatures vanquished.

Vanquished Creatures (collateral kills)
  A boulder beetle (D:12)
  A hydra (D:12)
2 creatures vanquished.

Vanquished Creatures (others)
  A hydra (Lair:3)
  A radroach (Spider:1)
  A blink frog (Lair:5)
  2 culicivoras (Spider:1)
  A yak (Lair:1)
  2 water moccasins
  An orc warrior (D:8)
  A gnoll (D:3)
  2 orcs (D:8)
  A rat (D:2)
  32 fungi
  A lurking horror (Abyss:3)
  96 plants
  9 starspawn tentacles
151 creatures vanquished.

Grand Total: 846 creatures vanquished

Notes
Turn   | Place    | Note
-------+----------+-------------------------------------------
     0 | D:1      | Boltersam the Troll Earth Elementalist began the quest for
                  | the Orb.
     0 | D:1      | Reached XP level 1. HP: 16/16 MP: 1/1
    54 | D:1      | Reached XP level 2. HP: 23/24 MP: 3/3
   133 | D:1      | Found a faded altar of an unknown god.
   149 | D:1      | Prayed at the altar of an unknown god.
   149 | D:1      | Became a worshipper of Ru the Awakened
   164 | D:1      | Gained mutation: You are slightly weak-willed. (Will-) [Ru
                  | sacrifice]
   164 | D:1      | Reached * piety under Ru
   164 | D:1      | Reached ** piety under Ru
   221 | D:1      | Learned a level 2 spell: Wereblood
   917 | D:2      | Reached XP level 3. HP: 31/31 MP: 2/4
  1122 | D:2      | Identified the ring "Gexour Udeu" {SInv Stlth+}
  1141 | D:2      | Found a glowing silver altar of Zin.
  1702 | D:3      | Reached XP level 4. HP: 39/39 MP: 2/5
  2029 | D:3      | Reached skill level 1 in Unarmed Combat
  2029 | D:3      | Reached skill level 1 in Transmutations
  2065 | D:3      | Learned a level 2 spell: Passwall
  2296 | D:4      | Reached XP level 5. HP: 36/46 MP: 0/6
  2479 | D:4      | Gained mutation: You are somewhat inexperienced. (-2 XL)
                  | [Ru sacrifice]
  2479 | D:4      | Reached XP level 4. HP: 40/40 MP: 6/6
  2479 | D:4      | Reached XP level 3. HP: 32/32 MP: 5/5
  2479 | D:4      | Reached *** piety under Ru
  2536 | D:4      | Reached skill level 1 in Fighting
  2572 | D:4      | Reached XP level 4. HP: 41/41 MP: 3/6
  2784 | D:4      | Found Parhiz's Firing Range.
  2882 | D:5      | Entered Level 5 of the Dungeon
  2916 | D:5      | HP: 1/41 [ogre/+0 giant club (32)]
  2946 | D:5      | Reached XP level 5. HP: 48/48 MP: 7/7
  2993 | D:5      | Found a glowing drain.
  3063 | D:5      | Found a hazy altar of Hepliaklqana.
  3292 | D:5      | Identified the +1 trident of the Hungering Penguin {venom,
                  | rElec}
  3296 | D:5      | Noticed zergursh's ghost (novice HuFi)
  3373 | D:5      | Found a transporter.
  3374 | D:5      | Found a transporter.
  3667 | D:6      | Gained mutation: Your body sometimes deteriorates upon
                  | taking damage. [potion of mutation]
  3667 | D:6      | Gained mutation: You are somewhat resistant to further
                  | mutation. [potion of mutation]
  3667 | D:6      | Gained mutation: You have sharp toenails. [potion of
                  | mutation]
  3746 | D:6      | Found a staircase to the Ecumenical Temple.
  3806 | D:6      | Reached XP level 6. HP: 36/57 MP: 9/9
  3905 | D:6      | Reached skill level 5 in Unarmed Combat
  3912 | D:6      | Found Iskid's Assorted Antiques.
  3917 | D:6      | Bought a scroll of identify for 52 gold pieces
  3917 | D:6      | Bought a scroll of teleportation for 78 gold pieces
  3917 | D:6      | Bought a ruby potion for 23 gold pieces
  3917 | D:6      | Bought a scroll labelled VEUSOH IMIELEMP for 26 gold pieces
  3917 | D:6      | Bought a scroll labelled YPEFOE FAPNEN for 26 gold pieces
  4121 | D:6      | Gained mutation: You cannot be stealthy. [Ru sacrifice]
  4121 | D:6      | Reached **** piety under Ru
  4391 | D:6      | Learned a level 4 spell: Petrify
  4757 | D:7      | Found an ornate altar of the Wu Jian Council.
  5353 | D:8      | Reached skill level 1 in Long Blades
  5427 | D:8      | Noticed a kobold demonologist
  5429 | D:8      | Noticed a hellwing
  5434 | D:8      | Killed a kobold demonologist
  5435 | D:8      | Reached XP level 7. HP: 59/66 MP: 4/10
  5703 | D:8      | Identified the +11 war axe of Indomitability {spect, +Blink
                  | rC+ rN+ Will-}
  5789 | D:8      | Found a flagged portal.
  5811 | Bailey   | Entered a bailey
  5855 | Bailey   | Reached skill level 1 in Axes
  5874 | Bailey   | Noticed an orc sorcerer
  5876 | Bailey   | Killed an orc sorcerer
  5945 | Bailey   | Acquired 892 gold pieces
  5955 | Bailey   | Noticed an orc knight
  6234 | D:8      | Gained mutation: You cannot study or use magical devices.
                  | [Ru sacrifice]
  6234 | D:8      | Reached ***** piety under Ru
  6901 | D:9      | Found a snail-covered altar of Cheibriados.
  6910 | D:9      | Found a sacrificial altar of Ru.
  6910 | D:9      | Found an iron altar of Okawaru.
  6910 | D:9      | Found a hide-covered altar of Uskayaw.
  6911 | D:9      | Found a sparkling altar of Nemelex Xobeh.
  6911 | D:9      | Found a shimmering blue altar of Sif Muna.
  6911 | D:9      | Found a blossoming altar of Fedhas.
  6942 | D:9      | Found a shadowy altar of Dithmenos.
  7237 | D:9      | Found a stormy altar of Qazlal.
  7237 | D:9      | Found a broken altar of Ashenzari.
  7369 | D:9      | Found a staircase to the Lair.
  7594 | D:9      | Noticed an ice statue
  7602 | D:9      | Noticed a troll
  7606 | D:9      | Killed an ice statue
  7607 | D:9      | Reached XP level 8. HP: 79/79 MP: 6/12
  7611 | D:9      | Reached skill level 5 in Dodging
  7856 | D:10     | Entered Level 10 of the Dungeon
  7860 | D:10     | Noticed Nergalle
  7865 | D:10     | Noticed a boulder beetle
  7917 | D:10     | Reached skill level 1 in Armour
  7933 | D:10     | Killed a boulder beetle
  7934 | D:10     | Reached skill level 5 in Fighting
  8249 | D:10     | Killed Nergalle
  8306 | D:10     | Gained mutation: Your casting is slightly disrupted. [Ru
                  | sacrifice]
  8306 | D:10     | Reached ****** piety under Ru
  8765 | D:11     | Reached skill level 5 in Transmutations
  8804 | D:11     | Noticed a cyclops
  8810 | D:11     | Killed a cyclops
  8878 | D:11     | Found a frozen archway.
  8894 | D:11     | Found a staircase to the Orcish Mines.
  8921 | IceCv    | Entered an ice cave
  8952 | IceCv    | Reached XP level 9. HP: 52/89 MP: 7/14
  9216 | IceCv    | Reached skill level 5 in Axes
  9275 | IceCv    | Noticed a reaper
  9969 | D:11     | Found a runed translucent gate.
  9969 | D:11     | Found a runed translucent gate.
  9971 | D:11     | Found a runed translucent gate.
  9979 | D:11     | Identified the +8 plate armour of Birdsong {rN+}
  9980 | D:11     | Noticed raph's ghost (journeyman DEEE)
 10049 | D:11     | Found a portal to a secret trove of treasure.
 10410 | D:5      | Killed zergursh's ghost
 10802 | D:11     | Killed raph's ghost
 11190 | D:12     | You fall into a shaft and drop 1 floor!
 11211 | D:13     | Noticed a red ugly thing
 11216 | D:13     | Killed a red ugly thing
 11401 | D:13     | Noticed an eight-headed hydra
 11513 | D:13     | Noticed a six-headed hydra
 11541 | D:12     | Noticed a five-headed hydra
 11544 | D:12     | Noticed a boulder beetle
 11545 | D:12     | Killed a five-headed hydra
 11550 | D:12     | Found a hide-covered altar of Uskayaw.
 11552 | D:12     | Killed a boulder beetle
 11553 | D:12     | Reached XP level 10. HP: 92/99 MP: 14/16
 11575 | D:12     | Noticed Jorgrun
 11576 | D:12     | Cast into level 2 of the Abyss (a wizard)
 11612 | Abyss:2  | Noticed a starcursed mass
 11637 | Abyss:2  | Killed a starcursed mass
 11652 | Abyss:2  | Found a corrupted altar of Lugonu.
 11714 | Abyss:2  | Noticed a tentacled starspawn
 11717 | Abyss:2  | Noticed a lich
 11735 | Abyss:3  | Found a corrupted altar of Lugonu.
 11797 | Abyss:3  | Noticed a rakshasa
 11863 | Abyss:4  | Noticed a jiangshi
 11864 | Abyss:4  | Noticed a jiangshi
 11864 | Abyss:4  | Noticed a tentacled starspawn
 11883 | Abyss:4  | Found a corrupted altar of Lugonu.
 11924 | Abyss:4  | Noticed a green very ugly thing
 11948 | Abyss:4  | Noticed a jiangshi
 11950 | Abyss:4  | Noticed a jiangshi
 11950 | Abyss:4  | Noticed a jiangshi
 11999 | Abyss:4  | Noticed a lich
 12011 | Abyss:4  | Noticed a starcursed mass
 12055 | Abyss:4  | Noticed a bone dragon
 12075 | D:12     | Escaped the Abyss
 12076 | D:12     | HP: 1/99 [Jorgrun/staff of earth (7)]
 12189 | Orc:1    | Entered Level 1 of the Orcish Mines
 12425 | Orc:2    | Entered Level 2 of the Orcish Mines
 12474 | Orc:2    | Found Anerixt's Book Shoppe.
 12474 | Orc:2    | Found Suff's Armour Boutique.
 12478 | Orc:2    | Found Huereilif's Armour Shop.
 12504 | Orc:2    | Found Afont's Antique Armour Emporium.
 12521 | Orc:2    | Bought a glowing scarf for 248 gold pieces
 12653 | Orc:2    | Found a dark tunnel.
 12680 | Volcano  | Entered a volcano
 12721 | Volcano  | Reached skill level 5 in Spellcasting
 12855 | Volcano  | Lost mutation: You are somewhat resistant to further
                  | mutation. [potion of mutation]
 12855 | Volcano  | Lost mutation: You have sharp toenails. [potion of
                  | mutation]
 12855 | Volcano  | Gained mutation: You tend to lose your temper in combat.
                  | [potion of mutation]
 12855 | Volcano  | Gained mutation: Your spells are a little harder to cast,
                  | but a little more powerful. [potion of mutation]
 13063 | Orc:2    | Noticed an orc warlord
 13120 | Orc:2    | Killed an orc warlord
 13202 | Orc:2    | Found Esanammo's General Store.
 13217 | Orc:2    | Found Azosedd's Specific Store.
 13225 | Orc:2    | Bought a scroll of identify for 26 gold pieces
 13586 | Orc:2    | Found a staircase to the Elven Halls.
 13838 | Lair:1   | Entered Level 1 of the Lair of Beasts
 13903 | Lair:1   | Reached XP level 11. HP: 98/98 MP: 14/17
 14703 | Lair:1   | Noticed Urug
 14708 | Lair:1   | Killed Urug
 15704 | Lair:3   | Found the +8 Vampire's Tooth {vamp}
 15751 | Lair:3   | Reached skill level 5 in Armour
 15986 | Lair:3   | Noticed Gastronok
 15994 | Lair:3   | Killed Gastronok
 16073 | Lair:3   | Found a staircase to the Shoals.
 16659 | Lair:4   | Found a hole to the Spider Nest.
 17185 | Spider:1 | Entered Level 1 of the Spider Nest
 17185 | Spider:1 | Noticed Azrael
 17190 | Spider:1 | Killed Azrael
 17675 | Lair:5   | Identified the +8 chain mail of Distant Worlds {*Corrode
                  | Regen+ Str+3}
 17919 | Lair:6   | Entered Level 6 of the Lair of Beasts
 17929 | Lair:6   | Reached XP level 12. HP: 120/123 MP: 14/19
 18235 | Lair:6   | Identified the +11 flail "Hanik" {vorpal, rF- Dex+5 SInv
                  | Stlth+}
 18765 | Lair:6   | Found a runed translucent door.
 18777 | Lair:6   | Found a viscous altar of Jiyva.
 18778 | Lair:6   | Noticed an acid blob
 18781 | Lair:6   | Found a staircase to the Slime Pits.
 18781 | Lair:6   | Noticed an acid blob
 18782 | Lair:6   | Noticed an acid blob
 19323 | Spider:1 | Noticed an emperor scorpion
 19332 | Spider:1 | Killed an emperor scorpion
 19581 | Spider:1 | Noticed a ghost moth
 19581 | Spider:1 | Killed a ghost moth
 19582 | Spider:1 | Reached skill level 10 in Fighting
 19880 | Spider:1 | Reached XP level 13. HP: 133/133 MP: 15/21
 19928 | Spider:1 | Reached skill level 1 in Throwing
 19947 | Spider:1 | Reached skill level 10 in Dodging
 20373 | Spider:1 | Noticed an emperor scorpion
 20382 | Spider:1 | Killed an emperor scorpion
 20998 | Spider:2 | Lost mutation: You tend to lose your temper in combat.
                  | [potion of mutation]
 20998 | Spider:2 | Lost mutation: Your body sometimes deteriorates upon taking
                  | damage. [potion of mutation]
 20998 | Spider:2 | Lost mutation: Your spells are a little harder to cast, but
                  | a little more powerful. [potion of mutation]
 20998 | Spider:2 | Gained mutation: You possess an exceptional clarity of
                  | mind. [potion of mutation]
 21093 | Spider:3 | Reached skill level 10 in Axes
 21411 | Spider:3 | HP: 3/127 [entropy weaver (15)]
 21411 | Spider:3 | Mangled by an entropy weaver

Illustrated notes

Levels and vault maps discovered:
D:1:      wander_arrival_peaceful_grave, layout_basic,
          hellmonk_ecumenical_altar_arch_garden
D:2:      layout_loops_corners, basic_altar
D:3:      layout_basic, minmay_misc_feat_encased, corexii_corridor_pit
D:4:      layout_cave_pools, nicolae_shop_firing_range
D:5:      layout_rooms, mainiacjoe_overflow_paths,
          gammafunk_ghost_gnarly_gnolls, cheibrodos_sewer_entry_sluice,
          corexii_leaking_fountain
D:6:      layout_gridville, minmay_temple_entry_statues_fountains, serial_shops,
          nicolae_shop_hallway_stairs
D:7:      layout_loops_ring, lemuel_doored_altar
D:8:      layout_cave_pods, enter_bailey_5
D:9:      layout_roguey, nicolae_dithmenos_the_darkroom,
          grunt_temple_overflow_open,
          chequers_temple_overflow_statue_of_worship, dpeg_oklobed_lair,
          minmay_statue_bubble
D:10:     layout_long_grid, uniq_nergalle
D:11:     layout_long_grid, orc_0_dummy, nicolae_trove_entry_crystal,
          biasface_ghost_orc_armoury, portal_ice_cave_entry_ice_simulacra
D:12:     layout_stronghold, ebering_ghost_inner_flame,
          nicolae_uskayaw_dance_hall, uniq_jorgrun
D:13:     layout_roguey [special_room_orc], gauntlet_entry_generic
Lair:1:   layout_layer_cave, uniq_urug
Lair:2:   layout_gridlike, nicolae_quartered_pool_impasse, disabler_island
Lair:3:   layout_cave_shapes, elwin_shoals_entry_rocks, uniq_gastronok
Lair:4:   layout_long_grid, spider_nest_entry_funnel_web
Lair:5:   layout_gridlike, beast_lair_carwin_4
Lair:6:   minmay_lair_end_frog_pond, layout_concentric_octagons, slime_altar_2,
          minivault_11
Spider:1: nicolae_spider_hilbert_zone_4 [nicolae_spider_hilbert_4_sides_2_open,
          nicolae_spider_hilbert_4_sides_1_open,
          nicolae_spider_hilbert_4_sides_1_open,
          nicolae_spider_hilbert_4_sides_1_open,
          nicolae_spider_hilbert_4_sides_1_open,
          nicolae_spider_hilbert_2_sides_1_open,
          nicolae_spider_hilbert_2_sides_1_open,
          nicolae_spider_hilbert_2_sides_1_open,
          nicolae_spider_hilbert_2_sides_1_open,
          nicolae_spider_hilbert_6_sides_1_open,
          nicolae_spider_hilbert_6_sides_1_open,
          nicolae_spider_hilbert_3_sides_1_open,
          nicolae_spider_hilbert_3_sides_1_open], uniq_azrael
Spider:2: layout_spider_delve
Spider:3: layout_spider_delve
Orc:1:    layout_caves
Orc:2:    st_orc_rangers, layout_caves, basic_altar,
          nicolae_volcano_entry_hallway, nicolae_specific_store, abandoned_shop

Skill      XL: |  1  2  3  4  5  6  7  8  9 10 11 12 13 |
---------------+----------------------------------------+-----
Earth Magic    | 3 4 |  4.8
Dodging        | 2 3 4 5 6 7 8 9 10 | 10.4
Unarmed Combat | 2 3 4 5 |  5.9
Transmutations | 1 2 4 5 6 7 8 9 |  9.7
Spellcasting   | 2 3 4 5 6 |  6.3
Fighting       | 1 2 4 5 6 8 9 10 | 10.5
Stealth        | 0 |  0.0
Long Blades    | 1 2 |  2.5
Axes           | 3 4 6 7 8 9 10 | 10.0
Armour         | 2 3 4 5 6 |  6.6
Throwing       | 2 |  2.4
Shields        | |  0.5

Action                   |  1- 3 |  4- 6 |  7- 9 | 10-12 | 13-15 || total
-------------------------+-------+-------+-------+-------+-------++-------
Melee: Unarmed           |    94 |   262 |       |       |       ||   356
       Punch             |     1 |    10 |     2 |       |       ||    13
       Kick              |       |    29 |    68 |    31 |       ||   128
       Falchion          |       |    53 |    29 |       |       ||    82
       War axe           |       |       |   231 |   389 |   125 ||   745
       Hand axe          |       |       |       |    42 |       ||    42
Throw: Stone             |     7 |       |     1 |       |       ||     8
       Dart              |       |       |     3 |       |       ||     3
       Javelin           |       |       |     2 |       |       ||     2
 Cast: Sandblast         |    23 |    17 |     5 |     9 |       ||    54
       Wereblood         |       |    14 |    22 |    11 |     7 ||    54
Invok: Sacrifice Essence |     1 |       |     1 |       |       ||     2
       Sacrifice Experie |     1 |       |       |       |       ||     1
       Draw Out Power    |       |     2 |     2 |       |       ||     4
       Power Leap        |       |     4 |    21 |    26 |     9 ||    60
       Sacrifice Stealth |       |     1 |       |       |       ||     1
       Sacrifice Artific |       |       |     1 |       |       ||     1
       Apocalypse        |       |       |     4 |    10 |     2 ||    16
Evoke: Wand              |       |       |     2 |       |       ||     2
  Use: Scroll            |     3 |    13 |     7 |    13 |     1 ||    37
       Potion            |     2 |     9 |     2 |    13 |     6 ||    32
 Stab: Sleeping          |     2 |     4 |       |       |       ||     6
       Invisible         |       |     2 |     2 |     2 |     1 ||     7
       Distracted        |       |     1 |     2 |     7 |     2 ||    12
       Paralysed         |       |       |     2 |     7 |     1 ||    10
Armor: Robe              |    39 |    72 |    21 |       |       ||   132
       Troll leather arm |       |       |    41 |   122 |    28 ||   191
Dodge: Dodged            |    57 |   234 |   157 |   239 |    62 ||   749
Block: Other             |       |    14 |    46 |       |       ||    60
       Reflection        |       |     1 |     6 |    11 |       ||    18
       Kite shield       |       |       |    41 |   317 |    84 ||   442
